 Dungeon Crawl Stone Soup version 0.29-a0-1052-g6990b1bffc (webtiles) character file.

Game seed: 14249205154997645986

17017 ragingrage the Severer (level 12, 0/106 HPs)
             Began as a Minotaur Delver on Aug 17, 2022.
             Was a High Priest of Okawaru.
             Hit by a silver javelin thrown by a minotaur (13 damage)
             ... on level 12 of the Dungeon.
             The game lasted 00:18:39 (11868 turns).

ragingrage the Severer (Minotaur Delver)           Turns: 11868, Time: 00:18:40

Health: 0/106      AC: 24    Str: 29    XL:     12   Next: 15%
Magic:  23/24      EV:  9    Int:  7    God:    Okawaru [*****.]
Gold:   561        SH:  0    Dex: 12    Spells: 11/11 levels left

rFire   . . .      SeeInvis .   o - +4 broad axe
rCold   . . .      Faith    .   (no shield)
rNeg    . . .      Spirit   .   y - +0 plate armour
rPois   .          Reflect  .   L - +1 hat {Will+}
rElec   .          Harm     .   (no cloak)
rCorr   .          Rampage  .   w - +2 pair of gloves
Will    +....                   v - +0 pair of boots
Stlth   ..........              B - amulet of regeneration
HPRegen 1.07/turn               j - +4 ring of protection
MPRegen 0.19/turn               R - ring "Loxokony" {MP+9 Str+7}

@: hasted, invisible, very quick
A: horns 2, retaliatory headbutt
a: Renounce Religion, Heroism, Finesse, Duel


You were on level 12 of the Dungeon.
You worshipped Okawaru.
Okawaru was extremely pleased with you.
You visited 2 branches of the dungeon, and saw 13 of its levels.
You also visited: Bailey and Gauntlet.

You collected 666 gold pieces.
You spent 105 gold pieces at shops.

Inventory:

Hand Weapons
 a - a +3 dire flail of draining
 b - the +9 shortbow of the Mouth {flame, rC+ SInv}
   (You found it in a bailey)

   Any ammunition fired from it burns those it strikes, dealing additional fire
   damage.
   rC:        It protects you from cold.
   SInv:      It lets you see invisible.
 o - a +4 broad axe (weapon)
 N - a +4 hand axe
 V - the +6 executioner's axe "Dueren" {freeze, rCorr Str-2 SInv}
   (Okawaru gifted it to you on level 11 of the Dungeon)

   It freezes those it strikes, dealing additional cold damage.
   It can also slow down cold-blooded creatures.
   Str:       It affects your strength (-2).
   SInv:      It lets you see invisible.
   rCorr:     It protects you from acid and corrosion.
Missiles
 h - 50 poisoned darts
 k - 16 javelins
 s - 4 atropa-tipped darts
 H - 10 curare-tipped darts (quivered)
 J - 18 boomerangs
 M - 4 datura-tipped darts
Armour
 f - the +5 hat "Ujiudept" {rC- Str+4 Dex+2}
   (You found it in a Gauntlet)

   Str:       It affects your strength (+4).
   Dex:       It affects your dexterity (+2).
   rC:        It makes you vulnerable to cold.
 v - a +0 pair of boots (worn)
 w - a +2 pair of gloves (worn)
 y - a +0 plate armour (worn)
 L - a +1 hat of willpower (worn)
 W - +0 ice dragon scales
Jewellery
 i - a ring of willpower
 j - a +4 ring of protection (left hand)
 q - a ring of fire
 A - a ring of ice
 B - an amulet of regeneration (around neck)
 Q - a +6 ring of dexterity
 R - the ring "Loxokony" (right hand) {MP+9 Str+7}
   (You acquired it on level 10 of the Dungeon)

   [ring of magical power]

   Str:       It affects your strength (+7).
   MP:        It affects your magic capacity (+9).
 U - a ring of flight
Wands
 g - a wand of digging (3)
 P - a wand of flame (15)
Scrolls
 c - a scroll of fog
 d - 4 scrolls of magic mapping
 e - 3 scrolls of fear
 r - a scroll of identify
 t - 8 scrolls of teleportation
 D - 3 scrolls of amnesia
 F - a scroll of blinking
 G - 3 scrolls of enchant armour
Potions
 m - 2 potions of cancellation
 n - 3 potions of flight
 p - a potion of might
 u - 2 potions of haste
 x - 2 potions of resistance
 z - 2 potions of magic
 C - 4 potions of attraction
 I - 2 potions of mutation {unknown}
 K - a potion of berserk rage {unknown}
 O - a potion of brilliance {unknown}


   Skills:
 - Level 10.0 Fighting
 + Level 16.6 Axes
 - Level 6.0 Throwing
 + Level 9.5 Armour
 - Level 4.0 Dodging
 - Level 4.1 Stealth
 - Level 6.0 Invocations


You had 11 spell levels left.
You didn't know any spells.
Your spell library contained the following spells:

 Spells                   Type           Power      Damage    Failure   Level
 Apportation              Tloc           0%         N/A       98%         1
 Shock                    Conj/Air       0%         1d3       98%         1
 Poisonous Vapours        Pois/Air       0%         N/A       99%         2
 Gell's Gravitas          Tloc           0%         N/A       100%        3
 Stone Arrow              Conj/Erth      0%         3d7       100%        3
 Swiftness                Air            0%         N/A       100%        3
 Teleport Other           Tloc           0%         N/A       100%        3
 Airstrike                Air            0%         2d(0-16)  100%        4
 Corpse Rot               Necr/Pois/Air  0%         N/A       100%        4
 Dispel Undead            Necr           0%         3d6       100%        4
 Passage of Golubria      Tloc           0%         N/A       100%        4
 Alistair's Intoxication  Tmut/Pois      0%         N/A       100%        5
 Blade Hands              Tmut           0%         N/A       100%        5
 Irradiate                Conj/Tmut      0%         3d11      100%        5
 Silence                  Hex/Air        0%         N/A       100%        5
 Dispersal                Tloc           0%         N/A       100%        6
 Dragon Form              Tmut           0%         N/A       100%        7
 Lehudib's Crystal Spear  Conj/Erth      0%         10d2      100%        8
 Animate Armour           Summ/Erth      Unusable   N/A       N/A         4
 Death Channel            Necr           Unusable   N/A       N/A         6

Dungeon Overview and Level Annotations

Branches:
Dungeon (12/15)            Temple (1/1) D:5            Lair (0/5) D:11
    Orc (0/2) D:11         Bailey (visited)         Gauntlet (visited)

Altars:
Ashenzari
Cheibriados
Dithmenos
Elyvilon
Fedhas
Gozag
Hepliaklqana
Kikubaaqudgha
Makhleb
Nemelex Xobeh
Okawaru
Qazlal
Ru
Sif Muna
Trog
Uskayaw
Vehumet
Wu Jian
Xom
Yredelemnul
Zin
The Shining One

Shops:
D:5 *   D:6 [   D:7 ?

Annotations:
D:3 3 runed translucent doors, Crazy Yiuf; siradein's ghost, amateur HOFi
D:5 1 runed translucent door
D:8 exclusion: orange crystal statue
D:9 exclusion: downstairs


Innate Abilities, Weirdness & Mutations

You have a pair of horns on your head.
You reflexively headbutt those who attack you in melee.


Message History

Unknown command.
Unknown command.
Okay, then.
You feel better.
The minotaur hits you but does no damage.
The minotaur gores you but does no damage.
Unknown command.
It was a potion of invisibility.
You fade into invisibility!
The minotaur hits you with a +0 broad axe of electrocution!
* * * LOW HITPOINT WARNING * * *
The minotaur gores you but does no damage.
Found a bloodstained leather armour.
Found an onyx ring, a +0 chain mail and a short smoking staff.
You see here a curare-tipped dart.
Found a gate leading back out of this place.
There is an open door here.
Unknown command.
Things that are here:
a ring of positive energy; the ring of Rationality {Int+6 Dex+7}; an octopode corpse
Okay, then.
Press: ? - help, v - describe, . - travel, g - get item
Items here: [[ | ÷.
The floor, spattered with blood.
Unknown command.
Unknown command.
Items here: ) [[ ÷.
f - the +5 hat "Ujiudept" {rC- Str+4 Dex+2} The minotaur barely misses you.
The minotaur gores you.
* * * LOW HITPOINT WARNING * * *
There is a gate leading back out of this place here.
The minotaur hits you with a +0 broad axe of electrocution!
* * * LOW HITPOINT WARNING * * *
The minotaur gores you but does no damage.
Welcome back to the Dungeon!
There is an empty arch of ancient stone here.
Unknown command.
Your hands slow down.
The minotaur throws a silver javelin.
The silver javelin pierces through you!
You die...

### #.. ..# ###
#.# #### #.# ....
#.# .... #.# ####
#H# #.# #@# #.#
#.# #.# #.# ## #.#
#. #.# #. #.# #.
#.###############.


You could see a minotaur (fast, unable to see you).

Vanquished Creatures
  Gastronok (D:9)
  Josephine (D:11)
  Erolcha (D:9)
  A hell beast (Gauntlet)
  A two-headed ogre (D:10)
  A soul eater (Gauntlet)
  Pikel (D:5)
  An orc knight (Bailey)
  2 ugly things
  2 manticores (D:11)
  An unseen horror (D:11)
  3 trolls
  Prince Ribbit (D:9)
  3 hornets (Gauntlet)
  8 slime creatures
  A shadow (D:11)
  6 wraiths
  10 yaks
  2 wyverns
  A basilisk (D:11)
  Edmund (D:4)
  2 acid dragons
  2 water moccasins (D:7)
  3 orc warriors
  A black bear (D:6)
  5 centaurs
  A phantom (D:6)
  8 kobold brigands
  3 bullfrogs
  2 necrophages
  2 scorpions (D:5)
  A gnoll sergeant (D:7)
  8 wights
  5 killer bees (D:9)
  3 howler monkeys (D:8)
  An electric eel (D:8)
  A jelly (D:5)
  An orc priest (D:10)
  A gnoll bouda (D:7)
  4 hounds
  2 iguanas
  Terence (D:2)
  6 orc wizards
  A mummy (D:5)
  Robin (D:3)
  20 gnolls
  8 adders
  5 shadow imps
  3 white imps
  2 worms
  4 dart slugs
  30 orcs
  12 ball pythons
  10 bats
  7 endoplasms
  4 giant cockroaches
  12 hobgoblins
  8 jackals
  5 quokkas
  4 frilled lizards
  16 goblins
  2 goblin zombies (D:5)
  25 kobolds
  3 rats
294 creatures vanquished.

Vanquished Creatures (others)
  An orc wizard (D:9)
  5 fungi (Gauntlet)
  47 plants
53 creatures vanquished.

Grand Total: 347 creatures vanquished

Notes
Turn   | Place    | Note
-------+----------+-------------------------------------------
     0 | D:5      | ragingrage the Minotaur Delver began the quest for the Orb.
     0 | D:5      | Reached XP level 1. HP: 19/19 MP: 0/0
     5 | D:5      | Noticed a human
    11 | D:5      | Found a runed translucent door.
    15 | D:5      | Found a basalt altar of Yredelemnul.
    16 | D:5      | Noticed an iguana
    22 | D:5      | Noticed a lemure
    23 | D:5      | Noticed Pikel
    23 | D:5      | Noticed a lemure
    24 | D:5      | Noticed a lemure
    24 | D:5      | Noticed a lemure
    44 | D:4      | Noticed an iguana
    67 | D:4      | Noticed Edmund
   184 | D:4      | Reached skill level 3 in Axes
   257 | D:3      | Found a large runed translucent door.
   257 | D:3      | Found a large runed translucent door.
   266 | D:3      | Reached XP level 2. HP: 26/26 MP: 1/1
   266 | D:3      | Noticed siradein's ghost (amateur HOFi)
   313 | D:2      | Reached skill level 4 in Axes
   338 | D:2      | Found a shadowy altar of Dithmenos.
   372 | D:2      | Noticed Robin
   595 | D:2      | Reached XP level 3. HP: 25/31 MP: 2/2
   703 | D:3      | Killed Robin
   955 | D:2      | Reached skill level 5 in Axes
   969 | D:2      | Reached XP level 4. HP: 13/39 MP: 3/3
  1424 | D:2      | Reached skill level 6 in Axes
  1556 | D:2      | Reached XP level 5. HP: 41/45 MP: 4/4
  2388 | D:2      | Noticed Terence
  2460 | D:2      | Reached skill level 7 in Axes
  2532 | D:2      | Killed Terence
  2816 | D:3      | Found a runed translucent door.
  2817 | D:3      | Noticed Crazy Yiuf
  3121 | D:5      | Reached XP level 6. HP: 39/49 MP: 5/5
  3415 | D:5      | Reached skill level 8 in Axes
  3871 | D:5      | Found Tutufaqi's CLEARANCE SALE!.
  3916 | D:5      | Reached skill level 9 in Axes
  3954 | D:5      | Killed Pikel
  3955 | D:5      | Reached skill level 11 in Axes
  3955 | D:5      | Reached XP level 7. HP: 30/57 MP: 6/6
  4285 | D:5      | Found a staircase to the Ecumenical Temple.
  4334 | D:5      | Reached XP level 8. HP: 64/64 MP: 7/7
  4337 | Temple   | Entered the Ecumenical Temple
  5179 | D:4      | Killed Edmund
  5403 | D:4      | Found an iron altar of Okawaru.
  5430 | D:4      | Found a hazy altar of Hepliaklqana.
  5467 | D:4      | Reached skill level 12 in Axes
  5500 | D:4      | Became a worshipper of Warmaster Okawaru
  5749 | D:4      | Found an ornate altar of the Wu Jian Council.
  6208 | D:6      | Found Buttauwn's Armour Shoppe.
  6363 | D:6      | Found a white marble altar of Elyvilon.
  6429 | D:6      | Reached * piety under Okawaru
  6430 | D:6      | Reached skill level 13 in Axes
  6569 | D:6      | Found a glowing golden altar of the Shining One.
  6935 | D:7      | Found Luiruf's Magic Scroll Boutique.
  6943 | D:7      | Reached skill level 14 in Axes
  6943 | D:7      | Reached XP level 9. HP: 64/70 MP: 8/8
  6993 | D:7      | Bought a scroll of blinking for 105 gold pieces
  7345 | D:7      | Reached skill level 1 in Armour
  7347 | D:7      | Reached ** piety under Okawaru
  7348 | D:7      | Reached skill level 1 in Throwing
  7348 | D:7      | Reached skill level 1 in Invocations
  7660 | D:8      | Found a flagged portal.
  7696 | Bailey   | Entered a bailey
  7931 | Bailey   | Identified the +9 shortbow of the Mouth {flame, rC+ SInv}
  7956 | Bailey   | Noticed an orc knight
  7988 | Bailey   | Killed an orc knight
  7989 | Bailey   | Reached skill level 5 in Fighting
  8042 | Bailey   | Found an iron altar of Okawaru.
  8075 | Bailey   | Identified the +0 robe "Jimor" {Fly rC+}
  8169 | D:8      | Noticed an orange crystal statue
  8176 | D:8      | Found a radiant altar of Vehumet.
  8227 | D:8      | Reached *** piety under Okawaru
  8232 | D:8      | Killed a very large slime creature
  8233 | D:8      | Reached XP level 10. HP: 37/82 MP: 9/11
  8374 | D:8      | Reached **** piety under Okawaru
  8738 | D:9      | Received a gift from Okawaru
  8740 | D:9      | Noticed Gastronok
  8815 | D:9      | Killed Gastronok
  8815 | D:9      | Received a gift from Okawaru
  8816 | D:9      | Reached skill level 5 in Armour
  8905 | D:9      | Noticed Prince Ribbit
  8926 | D:9      | Reached skill level 15 in Axes
  8929 | D:9      | Killed Prince Ribbit
  8939 | D:9      | Reached ***** piety under Okawaru
  8941 | D:9      | Reached skill level 5 in Invocations
  9010 | D:9      | Reached skill level 5 in Throwing
  9082 | D:9      | Noticed Erolcha
  9093 | D:9      | Killed Erolcha
  9094 | D:9      | Reached XP level 11. HP: 44/92 MP: 12/14
  9819 | D:10     | Entered Level 10 of the Dungeon
  9976 | D:10     | Noticed a two-headed ogre
 10050 | D:10     | Found a stormy altar of Qazlal.
 10157 | D:10     | Identified a scroll of acquirement
 10157 | D:10     | Acquired the ring "Loxokony" {MP+9 Str+7}
 10158 | D:10     | Noticed a red ugly thing
 10170 | D:10     | Killed a red ugly thing
 10263 | D:10     | Killed a two-headed ogre
 10263 | D:10     | Identified the +8 dagger "Stringbean" {freeze, Str+4
                  | Stlth+} (Okawaru gifted it to you on level 10 of the
                  | Dungeon)
 10263 | D:10     | Received a gift from Okawaru
 10597 | D:11     | Found a staircase to the Orcish Mines.
 10600 | D:11     | Noticed Josephine
 10634 | D:11     | Killed Josephine
 10635 | D:11     | Reached skill level 16 in Axes
 10779 | D:11     | Found a staircase to the Lair.
 10784 | D:11     | Noticed a green ugly thing
 10791 | D:11     | Killed a green ugly thing
 10791 | D:11     | Reached ****** piety under Okawaru
 10892 | D:11     | Identified the +6 executioner's axe "Dueren" {freeze, rCorr
                  | Str-2 SInv} (Okawaru gifted it to you on level 11 of the
                  | Dungeon)
 10892 | D:11     | Received a gift from Okawaru
 11219 | D:12     | Found a gate leading to a gauntlet.
 11228 | Gauntlet | Entered a Gauntlet
 11228 | Gauntlet | Noticed a soul eater
 11228 | Gauntlet | Found a transporter.
 11228 | Gauntlet | Found a transporter.
 11229 | Gauntlet | Found a transporter.
 11232 | Gauntlet | Found a transporter.
 11232 | Gauntlet | Found a transporter.
 11242 | Gauntlet | Found a transporter.
 11246 | Gauntlet | Found a transporter.
 11251 | Gauntlet | Noticed a hell beast
 11254 | Gauntlet | Noticed a death yak
 11255 | Gauntlet | Noticed a death yak
 11256 | Gauntlet | Found a transporter.
 11259 | Gauntlet | Noticed a death yak
 11260 | Gauntlet | Noticed a death yak
 11272 | Gauntlet | Noticed a minotaur
 11350 | Gauntlet | Found a transporter.
 11358 | Gauntlet | Found a transporter.
 11362 | Gauntlet | Found a transporter.
 11376 | Gauntlet | Found a transporter.
 11533 | Gauntlet | Reached XP level 12. HP: 106/106 MP: 15/15
 11566 | Gauntlet | Reached skill level 10 in Fighting
 11593 | Gauntlet | Paralysed by a hornet for 3 turns
 11675 | Gauntlet | Killed a hell beast
 11860 | Gauntlet | Identified the ring of Rationality {Int+6 Dex+7}
 11862 | Gauntlet | Identified the +5 hat "Ujiudept" {rC- Str+4 Dex+2}
 11862 | Gauntlet | Identified the +2 morningstar of Gohifric {spect, Int+2}
 11868 | D:12     | Hit by a silver javelin thrown by a minotaur

Illustrated notes

Levels and vault maps discovered:
D:1:      roderic_chinese_lattice_arrival, layout_loops_ring,
          minmay_pentomino_w4
D:2:      minmay_spotlight, layout_loops_ring, basic_altar,
          minmay_divided_ellipse, uniq_robin, uniq_terence
D:3:      layout_rooms, ebering_ghost_disaster_area, uniq_crazy_yiuf_cottage
D:4:      layout_basic, nicolae_wu_jian_glorious_leap,
          nicolae_hepliaklqana_hazy_memory, mainiacjoe_overflow_brackets,
          serial_bayou, serial_bayou_lagoon_a, serial_bayou_shore_b,
          serial_bayou_shore_b, minmay_liquid_box, uniq_edmund
D:5:      layout_basic, dk_yredelemnul_ordeal, minmay_temple_entry_butterflies,
          nicolae_ossuary_entry_giza, nicolae_shop_clearance, uniq_pikel
D:6:      layout_loops_ring, elyvilon_altar_5, general_overflow_altar,
          serial_shops, nicolae_shop_hallway_plus
D:7:      layout_basic, serial_shops, shop, dk_noncrumbling_4
D:8:      minmay_separated_statues, layout_basic,
          mainiacjoe_overflow_surrounded_room, enter_bailey_6,
          serial_park_tiny_1
D:9:      layout_loops_ring, uniq_erolcha, uniq_prince_ribbit1, uniq_gastronok
D:10:     layout_roguey, overflow_temple_1_default
D:11:     layout_rooms, lair_entry_dummy, orc_0_dummy, uniq_josephine
D:12:     layout_basic, gauntlet_entry_generic
Temple:   nicolae_temple_bog_church

Skill      XL: |  1  2  3  4  5  6  7  8  9 10 11 12 |
---------------+-------------------------------------+-----
Axes           | 3 4 5 6 7 11 14 15 16 | 16.6
Armour         | 4 6 8 9 |  9.5
Fighting       | 5 7 9 10 | 10.0
Throwing       | 3 5 6 |  6.0
Invocations    | 3 5 6 |  6.0
Dodging        | 4 |  4.0
Stealth        | |  4.1

Action                   |  1- 3 |  4- 6 |  7- 9 | 10-12 || total
-------------------------+-------+-------+-------+-------++-------
Melee: Hand axe          |    59 |    79 |    14 |    14 ||   166
       Headbutt          |     6 |    27 |    53 |    65 ||   151
       Punch             |     1 |       |     1 |     2 ||     4
       Whip              |       |   118 |    51 |       ||   169
       Dire flail        |       |       |   196 |   269 ||   465
       Broad axe         |       |       |    11 |    67 ||    78
 Fire: Shortbow          |       |       |     1 |    16 ||    17
Throw: Dart              |     7 |    13 |     7 |    24 ||    51
Invok: Heroism           |       |       |     2 |     2 ||     4
       Finesse           |       |       |       |     2 ||     2
Evoke: Wand              |       |       |     2 |     1 ||     3
  Use: Potion            |     2 |     1 |     6 |     5 ||    14
       Scroll            |       |     9 |     5 |     8 ||    22
 Stab: Sleeping          |     2 |    12 |       |       ||    14
Armor: Leather armour    |    18 |    71 |     4 |       ||    93
       Plate armour      |       |       |   191 |   218 ||   409
       Skin              |       |       |     5 |     9 ||    14
Dodge: Dodged            |    41 |   102 |    77 |   111 ||   331
Block: Other             |       |    27 |    13 |       ||    40
       Reflection        |       |       |     1 |       ||     1

Table legend: (Time is in decaauts)
 A = Elapsed time spent in this place.
 B = Non-inter-level travel time spent in this place.
 C = Inter-level travel time spent in this place.
 D = Time resting spent in this place.
 E = Time spent auto-exploring this place.
 F = Levels seen in this place.
 G = Mean time per level.
                   A        B        C        D        E       F      G
               +--------+--------+--------+--------+--------+-----+--------+
         Total |  11731 |  11210 |    521 |   1855 |   6552 |  15 |  782.1 |
       Dungeon |  10552 |  10049 |    503 |   1465 |   6200 |  12 |  879.3 |
        Temple |    169 |    151 |     18 |      0 |    140 |   1 |  169.0 |
        Bailey |    397 |    397 |      0 |    177 |     72 |   1 |  397.0 |
      Gauntlet |    611 |    611 |      0 |    213 |    139 |   1 |  611.0 |
               +--------+--------+--------+--------+--------+-----+--------+

Top non-repeatable levels by time:
     D:5: 1646 daAuts
     D:2: 1477 daAuts
     D:4: 1380 daAuts
     D:9: 1075 daAuts
     D:7: 853 daAuts
     D:6: 731 daAuts
     D:8: 704 daAuts
     D:1: 681 daAuts
     D:3: 662 daAuts
Gauntlet: 611 daAuts
    D:10: 551 daAuts
    D:11: 503 daAuts
  Bailey: 397 daAuts
    D:12: 284 daAuts
  Temple: 169 daAuts
